 Dungeon Crawl Stone Soup version 0.31-a0-1499-ge0622b2318 (webtiles) character file.

Game seed: 12580161041183688092

4700 grandjackal the Fighter (level 10, -8/86 HPs)
             Began as a Demonspawn Gladiator on Dec 30, 2023.
             Was a Follower of Okawaru.
             Mangled by an orc knight
             ... wielding a +0 halberd
              (16 damage)
             ... in a bailey.
             The game lasted 00:08:18 (5759 turns).

grandjackal the Fighter (Demonspawn Gladiator)      Turns: 5759, Time: 00:08:19

Health: -8/86      AC: 12    Str: 18    XL:     10   Next: 21%
Magic:  13/13      EV: 12    Int:  9    God:    Okawaru [*.....]
Gold:   502        SH:  0    Dex: 18    Spells: 9/9 levels left

rFire   + . .        B - +0 battleaxe
rCold   . . .        (shield currently unavailable)
rNeg    . . .        F - +1 ring mail of Xumipsei {rF+ Dex+3}
rPois   .            c - +0 helmet
rElec   .            (cloak unavailable)
rCorr   +            A - +0 pair of gloves
SInv    .            (no boots)
Will    .....        l - amulet of regeneration
Stlth   +            y - ring of resist corrosion
HPRegen 1.14/turn    (no ring)
MPRegen 0.13/turn

%: no passive effects
@: on berserk cooldown, slowed, very slow
A: yellow scales 3, weakness stinger 3
a: Renounce Religion, Heroism


You were in a bailey.
You worshipped Okawaru.
Okawaru was aware of your devotion.
You visited 2 branches of the dungeon, and saw 9 of its levels.
You also visited: Bailey.

You collected 502 gold pieces.

Inventory:

Hand Weapons
 a - a +0 war axe
 u - a +2 whip of freezing
 B - a +0 battleaxe (weapon)
Missiles
 e - 7 javelins
Armour
 c - a +0 helmet (worn)
 z - a +3 ring mail
 A - a +0 pair of gloves (worn)
 F - the +1 ring mail of Xumipsei (worn) {rF+ Dex+3}
   (You found it on level 5 of the Dungeon)

   Dex+3:     It affects your dexterity (+3).
   rF+:       It protects you from fire.
Jewellery
 l - an amulet of regeneration (around neck)
 y - a ring of resist corrosion (left hand)
Wands
 E - a wand of flame (29)
 H - a wand of mindburst (8)
Scrolls
 b - 6 scrolls of teleportation {unknown}
 i - 2 scrolls of fog {unknown}
 j - 2 scrolls of immolation
 m - 2 scrolls of amnesia {unknown}
 n - 2 scrolls of blinking {unknown}
 o - a scroll of enchant weapon {unknown}
 p - 2 scrolls of enchant armour {unknown}
 s - 2 scrolls of noise {unknown}
 v - 9 scrolls of identify {unknown}
 w - 4 scrolls of revelation {unknown}
 D - a scroll of brand weapon {unknown}
 G - a scroll of poison {unknown}
Potions
 f - 2 potions of heal wounds
 g - 2 potions of cancellation {unknown}
 h - 3 potions of invisibility {unknown}
 k - 3 potions of berserk rage
 q - 5 potions of mutation {unknown}
 r - 4 potions of curing {unknown}
 t - 3 potions of magic {unknown}
 x - a potion of lignification {unknown}
 C - a potion of enlightenment {unknown}
 I - a potion of brilliance {unknown}
 J - a potion of might {unknown}


   Skills:
 + Level 10.4 Fighting
 + Level 9.8 Axes
 - Level 2.0 Throwing
 - Level 3.0 Dodging
 + Level 5.1 Invocations


You had 9 spell levels left.
You didn't know any spells.
Your spell library contained the following spells:

 Spells                   Type           Power      Damage    Failure   Level
 Ensorcelled Hibernation  Hex/Ice        0%         N/A       73%         2
 Gell's Gravitas          Tloc           0%         N/A       91%         3
 Ozocubu's Armour         Ice            0%         N/A       91%         3
 Passwall                 Erth           0%         N/A       91%         3
 Swiftness                Air            0%         N/A       91%         3
 Teleport Other           Tloc           0%         N/A       91%         3
 Metabolic Englaciation   Hex/Ice        0%         N/A       100%        5
 Dispersal                Tloc           0%         N/A       100%        6
 Sculpt Simulacrum        Ice/Alch       Unusable   N/A       N/A         6

Dungeon Overview and Level Annotations

Branches:
Dungeon (8/15)             Temple (1/1) D:7          Bailey (1/1)
   Lair: D:8-11

Altars:
Ashenzari
Cheibriados
Dithmenos
Fedhas
Gozag
Hepliaklqana
Kikubaaqudgha
Makhleb
Nemelex Xobeh
Okawaru
Ru
Trog
Uskayaw
Vehumet
Wu Jian
Xom
Yredelemnul


Innate Abilities, Weirdness & Mutations

You are completely covered in yellow scales. (AC +4, rCorr)
You have a sharp stinger which inflicts weakening toxins.


Message History

Your Invocations skill increases to level 5!
The orc knight hits you with a +0 halberd!
* * * LOW HITPOINT WARNING * * *
You slash the orc knight!
The orc knight is moderately wounded.
You hit the orc warrior but do no damage.
The orc warrior hits you with a +0 halberd!!
* * * LOW HITPOINT WARNING * * *
The orc knight hits you with a +0 halberd.
* * * LOW HITPOINT WARNING * * *
You slash the orc knight!
The orc knight is heavily wounded.
You hit the orc warrior.
The orc warrior hits you with a +0 halberd.
* * * LOW HITPOINT WARNING * * *
The orc knight hits you but does no damage.
Unknown command.
You barely miss the orc knight.
The orc knight is heavily wounded.
You slash the orc warrior!
You are no longer berserk.
You are exhausted.
You feel yourself slow down. The orc warrior closely misses you.
The orc knight hits you with a +0 halberd.
* * * LOW HITPOINT WARNING * * *
You barely miss the orc knight.
The orc knight is heavily wounded.
You barely miss the orc warrior.
The orc warrior no longer looks unusually strong.
The orc warrior closely misses you.
The orc knight roars a battlecry!
The orc warrior goes into a battle-frenzy!
You closely miss the orc knight.
The orc knight is heavily wounded.
You barely miss the orc warrior. The orc warrior barely misses you.
The orc knight hits you with a +0 halberd.
* * * LOW HITPOINT WARNING * * *
The orc warrior barely misses you.
The orc knight hits you with a +0 halberd!
You die...

#.......#
#.......#
#.......#
#.....#
#'''''#
##.....##
#.......#
#.oo....#
#.@)....#
#).#.#..#
#.......#
##.....##
##'''##
#.....#
#.....#
#.....#
#.....#


You could see an orc knight and an orc warrior (strong).

Vanquished Creatures
  A two-headed ogre (D:6)
  2 orc knights (Bailey)
  Pikel (D:6)
  A hornet (D:7)
  2 wyverns
  A steam dragon (D:7)
  A water moccasin (D:6)
  3 orc warriors (Bailey)
  A black bear (D:4)
  An ice beast (D:7)
  An ogre (D:4)
  A lemure (D:6)
  2 centaurs
  Blork the orc (D:5)
  A kobold brigand (D:7)
  A phantom (D:5)
  A bullfrog (D:8)
  2 scorpions
  4 wights (D:6)
  4 killer bees (D:5)
  A bombardier beetle (D:6)
  A howler monkey (D:7)
  A jelly (D:6)
  3 sleepcaps
  4 hounds
  An iguana (D:6)
  An orc wizard (D:6)
  3 gnolls (D:6)
  9 adders
  A ribbon worm (D:2)
  2 white imps (D:7)
  4 ufetubi
  3 dart slugs
  29 orcs
  10 ball pythons
  2 bats
  5 endoplasms
  5 giant cockroaches
  10 goblins
  6 hobgoblins
  4 jackals (D:3)
  6 quokkas
  3 frilled lizards
  7 kobolds
  6 rats
159 creatures vanquished.

Notes
Turn   | Place    | Note
-------+----------+-------------------------------------------
     0 | D:1      | grandjackal the Demonspawn Gladiator began the quest for
                  | the Orb.
     0 | D:1      | Reached XP level 1. HP: 16/16 MP: 1/1
   106 | D:1      | Gained mutation: You have a small tail. [demonic ancestry]
   106 | D:1      | Reached XP level 2. HP: 22/22 MP: 2/2
   316 | D:1      | Found a faded altar of an unknown god.
   533 | D:1      | Gained mutation: You are partially covered in yellow
                  | scales. (AC +2) [demonic ancestry]
   533 | D:1      | Reached XP level 3. HP: 28/28 MP: 3/3
   963 | D:2      | Reached skill level 3 in Fighting
   986 | D:2      | Reached XP level 4. HP: 35/35 MP: 4/4
  1511 | D:3      | You fall into a shaft and drop 3 floors!
  1538 | D:6      | Identified the -2 pair of boots of Gehenna {rPois Str+2
                  | Stlth+}
  1570 | D:6      | Noticed a two-headed ogre
  1596 | D:6      | Noticed a water moccasin
  1606 | D:6      | Killed a water moccasin
  1607 | D:6      | Reached skill level 4 in Fighting
  1607 | D:6      | Gained mutation: You have a tail ending in a sharp stinger.
                  | [demonic ancestry]
  1607 | D:6      | Reached XP level 5. HP: 39/42 MP: 5/5
  1758 | D:5      | Entered Level 5 of the Dungeon
  1758 | D:5      | Noticed Pikel
  1758 | D:5      | Noticed a lemure
  1758 | D:5      | Noticed a lemure
  1758 | D:5      | Noticed a lemure
  1758 | D:5      | Noticed a lemure
  1771 | D:6      | Killed a lemure
  1784 | D:6      | Killed Pikel
  1785 | D:6      | Reached skill level 5 in Fighting
  1785 | D:6      | Reached skill level 5 in Axes
  1785 | D:6      | Gained mutation: You are mostly covered in yellow scales.
                  | (AC +3) [demonic ancestry]
  1785 | D:6      | Reached XP level 6. HP: 48/52 MP: 6/6
  1785 | D:6      | Reached XP level 7. HP: 53/57 MP: 7/7
  1807 | D:5      | Reached skill level 6 in Fighting
  2790 | D:4      | Found an ornate altar of the Wu Jian Council.
  2905 | D:4      | Gained mutation: You have a sharp stinger which inflicts
                  | weakening toxins. [demonic ancestry]
  2905 | D:4      | Reached XP level 8. HP: 36/65 MP: 8/8
  2940 | D:4      | Reached skill level 7 in Fighting
  3111 | D:5      | Noticed Blork the orc
  3124 | D:5      | Killed Blork the orc
  3142 | D:5      | Found a basalt altar of Yredelemnul.
  3146 | D:5      | Found an ancient bone altar of Kikubaaqudgha.
  3150 | D:5      | Found a radiant altar of Vehumet.
  3552 | D:5      | Identified the +1 ring mail of Xumipsei {rF+ Dex+3}
  3807 | D:6      | Killed a two-headed ogre
  3808 | D:6      | Reached skill level 8 in Fighting
  3808 | D:6      | Reached XP level 9. HP: 43/75 MP: 9/9
  4582 | D:6      | Reached skill level 9 in Fighting
  4959 | D:7      | Found a staircase to the Ecumenical Temple.
  5033 | Temple   | Entered the Ecumenical Temple
  5047 | Temple   | Became a worshipper of Warmaster Okawaru
  5086 | D:7      | Paralysed by a hornet for 2 turns
  5092 | D:7      | Reached skill level 1 in Invocations
  5488 | D:8      | Found a flagged portal.
  5500 | Bailey   | Entered a bailey
  5510 | Bailey   | Reached skill level 10 in Fighting
  5607 | Bailey   | Noticed an orc knight
  5659 | Bailey   | Killed an orc knight
  5659 | Bailey   | Reached * piety under Okawaru
  5660 | Bailey   | Gained mutation: You are completely covered in yellow
                  | scales. (AC +4, rCorr) [demonic ancestry]
  5660 | Bailey   | Reached XP level 10. HP: 45/85 MP: 11/13
  5736 | Bailey   | Noticed an orc knight
  5746 | Bailey   | Noticed an orc knight
  5753 | Bailey   | Killed an orc knight
  5754 | Bailey   | Reached skill level 5 in Invocations
  5759 | Bailey   | Mangled by an orc knight

Illustrated notes

Levels and vault maps discovered:
D:1:      eino_arrival_water_cross, layout_basic,
          hellmonk_ecumenical_altar_blasted,
          nicolae_concentric_dashed_squares_mild,
          wander_ebering_terrifying_dragon_lair
D:2:      layout_rooms, basic_altar, feat_on_display
D:3:      layout_basic
D:4:      layout_cave_pools, mainiacjoe_overflow_six_doors_small
D:5:      layout_gridville, minmay_overflow_temple_star_quad,
          uniq_blork_the_orc, uniq_pikel
D:6:      layout_basic, st_stairs_8, dreamdust_princess_bridge,
          chequers_decorated_corner
D:7:      layout_rooms, minmay_temple_entry_large_hall
D:8:      layout_loops_ring, minitemple, david_lair_generic, enter_bailey_2,
          due_unseen_surprise, uniq_jeremiah, uniq_grum
Temple:   eino_wide_crystal_templ
Bailey:   bailey_polearm_5, bailey

Skill      XL: |  1  2  3  4  5  6  7  8  9 10 |
---------------+-------------------------------+-----
Throwing       | 2 |  2.0
Dodging        | 3 |  3.0
Axes           | 3 4 5 6 8 9 |  9.8
Fighting       | 3 4 5 6 8 10 | 10.4
Invocations    | 4 5 |  5.1

Action                     |  1- 3 |  4- 6 |  7- 9 | 10-12 || total
---------------------------+-------+-------+-------+-------++-------
  Melee: War axe           |    90 |    75 |   149 |       ||   314
         Tailslap          |    10 |    12 |    50 |     3 ||    75
         Punch             |       |       |     1 |       ||     1
         Battleaxe         |       |       |   179 |    22 ||   201
  Throw: Throwing net      |       |     1 |     2 |       ||     3
  Evoke: Wand              |       |       |     3 |       ||     3
    Use: Potion            |       |       |       |     2 ||     2
   Stab: Held in net/web   |       |     1 |     2 |       ||     3
 Armour: Leather armour    |    18 |       |       |       ||    18
         Scale mail        |    44 |    62 |    81 |       ||   187
         Ring mail         |       |       |   203 |    25 ||   228
  Dodge: Dodged            |    55 |    57 |   249 |    16 ||   377

Table legend: (Time is in decaauts)
 A = Elapsed time spent in this place.
 B = Non-inter-level travel time spent in this place.
 C = Inter-level travel time spent in this place.
 D = Time resting spent in this place.
 E = Time spent auto-exploring this place.
 F = Levels seen in this place.
 G = Mean time per level.
                   A        B        C        D        E       F      G
               +--------+--------+--------+--------+--------+-----+--------+
         Total |   5889 |   5669 |    220 |    362 |   3848 |  10 |  588.9 |
       Dungeon |   5601 |   5388 |    213 |    329 |   3844 |   8 |  700.1 |
        Temple |     20 |     14 |      6 |      0 |      0 |   1 |   20.0 |
        Bailey |    267 |    267 |      0 |     33 |      4 |   1 |  267.0 |
               +--------+--------+--------+--------+--------+-----+--------+

Top non-repeatable levels by time:
     D:6: 1222 daAuts
     D:3: 940 daAuts
     D:5: 807 daAuts
     D:1: 777 daAuts
     D:7: 654 daAuts
     D:2: 526 daAuts
     D:4: 506 daAuts
  Bailey: 267 daAuts
     D:8: 166 daAuts
  Temple: 20 daAuts
